[ PARTIDA AOE2 · #463397212 ]
Team EWMaya vs Magyars
[ ANÁLISIS DE REPETICIÓN · EXTRAÍDO DE LA PARTIDA GRABADA ]
Feudal
—
Castillos
—
Imperial
—
| APM promedio | 27.9 |
| APM pico | 104 |
| eAPM promedio | 8.1 |
| Aldeanos / militares | 11 / 33 |
Foco
⚔️ 24.0% · 🌾 76.0%
Archer ×26 · Spearman ×7
Feudal
—
Castillos
11:15
Imperial
42:20
| APM promedio | 38.9 |
| APM pico | 74 |
| eAPM promedio | 24.2 |
| Aldeanos / militares | 150 / 200 |
Foco
⚔️ 31.4% · 🌾 68.6%
Cavalry Archer ×143 · Magyar Huszar ×40 · Scout Cavalry ×7 · Knight ×4 · Battering Ram ×3 · Trebuchet (Packed) ×3
Feudal
—
Castillos
10:53
Imperial
46:28
| APM promedio | 38.7 |
| APM pico | 76 |
| eAPM promedio | 20.1 |
| Aldeanos / militares | 88 / 211 |
Foco
⚔️ 34.9% · 🌾 65.1%
Ghulam ×87 · Camel Scout ×41 · Scout Cavalry ×38 · Skirmisher ×25 · Spearman ×13 · Mangonel ×6
Feudal
—
Castillos
35:07
Imperial
—
| APM promedio | 18.4 |
| APM pico | 53 |
| eAPM promedio | 10.8 |
| Aldeanos / militares | 17 / 70 |
Foco
⚔️ 52.3% · 🌾 47.7%
Militia ×42 · Battering Ram ×28
Mapa de la partida
Recursos al inicio + cada clic de construcción. Línea gruesa = muro · recuadro discontinuo = muro de casas detectado. 🟡 oro · ⚪ piedra · 🟢 bayas · 🔶 jabalí · ⭕ reliquia
Inputs por minuto
— Toco - - PaladinDelPedal
Build order — Toco
49 acciones detectadas en el replay
| 0:02 | Crear | Villager (Male) ×3 |
| 0:07 | Construir | Archery Range |
| 0:39 | Crear | Villager (Male) |
| 0:39 | Crear | Villager (Male) |
| 0:41 | Crear | Archer ×3 |
| 0:41 | Crear | Archer ×3 |
| 1:01 | Construir | House |
| 1:03 | Construir | House |
| 1:05 | Construir | House |
| 1:14 | Construir | Mill |
| 1:23 | Crear | Villager (Male) |
| 1:23 | Crear | Villager (Male) |
| 1:36 | Investigar | Fletching |
| 1:40 | Crear | Archer ×2 |
| 1:47 | Construir | House |
| 1:54 | Construir | House |
| 1:56 | Construir | House |
| 1:57 | Construir | House |
| 2:02 | Crear | Archer |
| 2:03 | Crear | Archer |
| 2:06 | Crear | Spearman |
| 2:18 | Crear | Villager (Male) |
| 2:18 | Crear | Villager (Male) |
| 2:54 | Investigar | Double-Bit Axe |
| 3:14 | Crear | Villager (Male) |
| 3:14 | Crear | Villager (Male) |
| 3:19 | Crear | Archer |
| 3:28 | Crear | Spearman |
| 3:56 | Crear | Archer |
| 4:44 | Crear | Archer ×5 |
| 4:47 | Investigar | Padded Archer Armor |
| 4:51 | Construir | Farm |
| 4:51 | Construir | Farm |
| 4:51 | Construir | Farm |
| 4:51 | Construir | Farm |
| 4:52 | Construir | Farm |
| 4:52 | Construir | Farm |
| 4:58 | Investigar | Horse Collar |
| 5:15 | Crear | Archer ×4 |
| 6:31 | Crear | Spearman |
| 6:31 | Crear | Spearman |
| 6:58 | Crear | Spearman |
| 7:15 | Investigar | Wheelbarrow |
| 7:25 | Crear | Spearman |
| 7:53 | Construir | Farm |
| 7:56 | Construir | Farm |
| 7:59 | Crear | Spearman |
| 9:21 | Construir | Archery Range |
| 13:37 | Crear | Archer ×5 |
Build order — PaladinDelPedal
Primeras 150 de 446 acciones detectadas
| 0:01 | Crear | Villager (Male) |
| 0:02 | Crear | Villager (Male) |
| 0:02 | Crear | Villager (Male) |
| 0:08 | Construir | Stable |
| 0:42 | Crear | Scout Cavalry |
| 0:42 | Crear | Scout Cavalry |
| 0:48 | Construir | House |
| 0:51 | Construir | House |
| 0:55 | Construir | Farm |
| 1:15 | Crear | Scout Cavalry |
| 1:26 | Construir | House |
| 1:27 | Construir | House |
| 1:29 | Crear | Villager (Male) |
| 1:29 | Crear | Villager (Male) |
| 1:30 | Crear | Villager (Male) |
| 1:54 | Construir | Palisade Wall |
| 2:08 | Crear | Villager (Male) |
| 2:08 | Crear | Villager (Male) |
| 2:08 | Crear | Villager (Male) |
| 2:10 | Construir | Farm |
| 2:10 | Construir | Farm |
| 2:11 | Construir | Farm |
| 2:20 | Crear | Scout Cavalry |
| 2:22 | Crear | Scout Cavalry |
| 2:47 | Crear | Scout Cavalry |
| 2:47 | Crear | Scout Cavalry |
| 3:09 | Construir | Farm |
| 3:09 | Crear | Villager (Male) |
| 3:10 | Crear | Villager (Male) |
| 3:18 | Construir | Mill |
| 3:26 | Crear | Villager (Male) |
| 3:26 | Crear | Villager (Male) |
| 4:11 | Crear | Villager (Male) |
| 4:12 | Crear | Villager (Male) |
| 4:12 | Crear | Villager (Male) |
| 4:13 | Construir | Farm |
| 4:14 | Construir | Farm |
| 4:23 | Construir | Palisade Wall |
| 4:36 | Crear | Villager (Male) |
| 4:36 | Crear | Villager (Male) |
| 4:54 | Construir | Palisade Gate |
| 4:55 | Construir | House |
| 5:02 | Crear | Villager (Male) |
| 5:03 | Crear | Villager (Male) |
| 5:21 | Construir | Farm |
| 5:22 | Construir | Farm |
| 5:35 | Crear | Villager (Male) |
| 5:35 | Crear | Villager (Male) |
| 5:51 | Investigar | Scale Barding Armor |
| 6:23 | Construir | House |
| 6:25 | Construir | House |
| 6:28 | Construir | Palisade Wall |
| 6:38 | Crear | Villager (Male) |
| 6:38 | Crear | Villager (Male) |
| 6:46 | Construir | Palisade Wall |
| 7:41 | Construir | Farm |
| 8:14 | Construir | Archery Range |
| 8:16 | Construir | Archery Range |
| 8:20 | Investigar | Castle Age |
| 8:37 | Construir | House |
| 8:39 | Construir | Palisade Wall |
| 9:37 | Investigar | Double-Bit Axe |
| 9:38 | Investigar | Horse Collar |
| 9:50 | Investigar | Bloodlines |
| 11:14 | Construir | Archery Range |
| 11:15 | Edad | Edad de los Castillos |
| 11:24 | Investigar | Wheelbarrow |
| 11:27 | Crear | Cavalry Archer ×5 |
| 11:31 | Investigar | Fletching |
| 11:36 | Construir | Town Center |
| 11:50 | Construir | Town Center |
| 11:54 | Crear | Villager (Male) |
| 11:54 | Crear | Villager (Male) |
| 12:19 | Crear | Cavalry Archer |
| 12:19 | Crear | Cavalry Archer |
| 12:19 | Crear | Cavalry Archer |
| 12:19 | Crear | Cavalry Archer |
| 12:21 | Investigar | Bodkin Arrow |
| 12:48 | Crear | Cavalry Archer ×4 |
| 12:48 | Crear | Cavalry Archer ×4 |
| 13:15 | Crear | Knight ×4 |
| 13:21 | Crear | Cavalry Archer ×5 |
| 13:21 | Crear | Cavalry Archer ×5 |
| 13:31 | Investigar | Padded Archer Armor |
| 13:35 | Construir | Farm |
| 13:49 | Investigar | Husbandry |
| 13:50 | Crear | Villager (Male) |
| 13:50 | Crear | Villager (Male) |
| 13:51 | Crear | Villager (Male) |
| 13:51 | Crear | Villager (Male) |
| 14:58 | Crear | Cavalry Archer ×5 |
| 15:17 | Investigar | Thumb Ring |
| 15:56 | Crear | Cavalry Archer ×5 |
| 16:10 | Crear | Villager (Male) |
| 16:11 | Crear | Villager (Male) |
| 16:11 | Crear | Villager (Male) |
| 16:11 | Crear | Villager (Male) |
| 16:12 | Crear | Villager (Male) |
| 16:12 | Crear | Villager (Male) |
| 16:21 | Construir | University |
| 16:22 | Construir | Farm |
| 16:22 | Construir | Farm |
| 17:08 | Crear | Cavalry Archer ×5 |
| 17:13 | Construir | House |
| 17:44 | Crear | Cavalry Archer ×2 |
| 17:45 | Crear | Cavalry Archer ×2 |
| 18:18 | Construir | Siege Workshop |
| 18:24 | Investigar | Ballistics |
| 18:24 | Crear | Villager (Male) |
| 18:24 | Crear | Villager (Male) |
| 18:25 | Crear | Villager (Male) |
| 18:25 | Crear | Villager (Male) |
| 18:26 | Crear | Villager (Male) |
| 18:29 | Construir | House |
| 18:30 | Construir | House |
| 18:30 | Construir | House |
| 18:30 | Construir | House |
| 18:30 | Construir | House |
| 18:32 | Construir | Mining Camp |
| 19:01 | Crear | Battering Ram |
| 19:02 | Crear | Battering Ram |
| 20:13 | Investigar | Town Watch |
| 20:16 | Crear | Villager (Male) |
| 20:16 | Crear | Villager (Male) |
| 20:20 | Crear | Villager (Male) |
| 20:20 | Crear | Villager (Male) |
| 20:22 | Investigar | Hand Cart |
| 20:25 | Crear | Battering Ram |
| 21:33 | Crear | Villager (Male) |
| 21:33 | Crear | Villager (Male) |
| 21:33 | Crear | Villager (Male) |
| 21:34 | Crear | Villager (Male) |
| 21:34 | Crear | Villager (Male) |
| 21:39 | Construir | Outpost |
| 21:43 | Construir | Outpost |
| 21:48 | Construir | Outpost |
| 21:50 | Construir | Outpost |
| 21:55 | Construir | Outpost |
| 21:57 | Construir | Outpost |
| 22:03 | Crear | Cavalry Archer ×5 |
| 22:03 | Crear | Cavalry Archer ×5 |
| 22:03 | Crear | Cavalry Archer ×5 |
| 22:17 | Crear | Villager (Male) |
| 22:17 | Crear | Villager (Male) |
| 22:18 | Crear | Villager (Male) |
| 22:18 | Crear | Villager (Male) |
| 22:19 | Crear | Villager (Male) |
| 22:19 | Crear | Villager (Male) |
| 22:19 | Crear | Villager (Male) |
| 22:21 | Construir | Farm |
Build order — JDIV
Primeras 150 de 350 acciones detectadas
| 0:00 | Crear | Villager (Male) |
| 0:00 | Crear | Villager (Male) |
| 0:02 | Crear | Villager (Male) |
| 0:05 | Construir | Stable |
| 0:14 | Construir | House |
| 0:33 | Construir | House |
| 0:34 | Construir | House |
| 0:37 | Crear | Spearman |
| 0:48 | Crear | Villager (Male) |
| 0:59 | Crear | Scout Cavalry |
| 1:16 | Construir | Palisade Wall |
| 1:18 | Crear | Villager (Male) |
| 1:24 | Construir | Building 796 |
| 1:25 | Construir | House |
| 1:28 | Crear | Spearman |
| 1:29 | Crear | Villager (Male) |
| 1:32 | Investigar | Double-Bit Axe |
| 1:45 | Crear | Spearman |
| 1:52 | Crear | Villager (Male) |
| 1:59 | Construir | Market |
| 2:06 | Construir | Palisade Wall |
| 2:14 | Construir | Palisade Wall |
| 2:59 | Construir | Palisade Wall |
| 3:02 | Crear | Villager (Male) |
| 3:04 | Construir | Farm |
| 3:04 | Construir | Farm |
| 3:05 | Construir | Farm |
| 3:05 | Construir | Farm |
| 3:05 | Construir | Farm |
| 3:05 | Construir | Farm |
| 3:05 | Construir | Farm |
| 3:06 | Construir | Farm |
| 3:06 | Construir | Farm |
| 3:06 | Construir | Farm |
| 3:08 | Crear | Villager (Male) |
| 3:18 | Construir | House |
| 3:33 | Crear | Villager (Male) |
| 3:41 | Crear | Spearman |
| 3:41 | Crear | Spearman |
| 3:51 | Construir | House |
| 3:53 | Construir | House |
| 3:58 | Crear | Spearman |
| 4:09 | Crear | Villager (Male) |
| 4:12 | Crear | Spearman |
| 4:16 | Construir | House |
| 4:30 | Construir | Farm |
| 4:33 | Construir | Farm |
| 4:35 | Construir | Farm |
| 4:38 | Construir | Farm |
| 4:43 | Construir | House |
| 4:53 | Crear | Spearman |
| 4:53 | Crear | Spearman |
| 4:56 | Construir | Farm |
| 4:58 | Crear | Villager (Male) |
| 5:01 | Crear | Villager (Male) |
| 5:17 | Construir | House |
| 5:28 | Crear | Villager (Male) |
| 5:30 | Construir | Farm |
| 5:31 | Investigar | Horse Collar |
| 5:38 | Construir | Farm |
| 5:40 | Construir | Farm |
| 5:42 | Crear | Villager (Male) |
| 5:52 | Construir | Farm |
| 5:56 | Construir | Farm |
| 6:19 | Investigar | Scale Mail Armor |
| 6:45 | Crear | Villager (Male) |
| 6:56 | Crear | Villager (Male) |
| 6:56 | Crear | Villager (Male) |
| 6:59 | Crear | Villager (Male) |
| 7:11 | Crear | Villager (Male) |
| 7:19 | Construir | Farm |
| 7:22 | Construir | Farm |
| 7:24 | Construir | Farm |
| 7:27 | Construir | Farm |
| 7:34 | Construir | Mill |
| 7:36 | Construir | Farm |
| 7:39 | Construir | Farm |
| 7:40 | Crear | Villager (Male) |
| 8:10 | Crear | Villager (Male) |
| 8:13 | Investigar | Castle Age |
| 8:32 | Construir | Stable |
| 8:49 | Investigar | Bloodlines |
| 8:52 | Construir | Stable |
| 8:55 | Investigar | Gold Mining |
| 9:00 | Crear | Spearman |
| 9:01 | Crear | Spearman |
| 9:41 | Crear | Scout Cavalry |
| 9:41 | Crear | Scout Cavalry |
| 9:41 | Crear | Scout Cavalry |
| 9:59 | Crear | Villager (Male) |
| 10:21 | Crear | Villager (Male) |
| 10:38 | Crear | Villager (Male) |
| 10:53 | Edad | Edad de los Castillos |
| 10:54 | Construir | Mining Camp |
| 11:31 | Crear | Villager (Male) |
| 11:33 | Crear | Villager (Male) |
| 11:36 | Construir | Farm |
| 11:38 | Construir | Farm |
| 11:41 | Construir | Farm |
| 11:42 | Crear | Villager (Male) |
| 11:53 | Investigar | Bow Saw |
| 12:25 | Investigar | Husbandry |
| 12:26 | Crear | Camel Scout |
| 12:26 | Crear | Camel Scout |
| 12:26 | Crear | Camel Scout |
| 12:28 | Crear | Villager (Male) |
| 12:34 | Construir | Town Center |
| 12:40 | Investigar | Scale Barding Armor |
| 12:59 | Crear | Villager (Male) |
| 13:00 | Crear | Villager (Male) |
| 13:01 | Investigar | Wheelbarrow |
| 13:11 | Crear | Camel Scout |
| 13:11 | Crear | Camel Scout |
| 13:13 | Crear | Villager (Male) |
| 13:21 | Construir | Farm |
| 13:24 | Construir | Farm |
| 13:30 | Crear | Camel Scout |
| 13:30 | Crear | Camel Scout |
| 13:33 | Crear | Villager (Male) |
| 13:34 | Crear | Villager (Male) |
| 13:36 | Crear | Villager (Male) |
| 13:47 | Crear | Camel Scout |
| 13:47 | Crear | Camel Scout |
| 13:53 | Investigar | Forging |
| 14:04 | Investigar | Chain Barding Armor |
| 14:07 | Crear | Villager (Male) |
| 14:41 | Crear | Villager (Male) |
| 14:43 | Crear | Camel Scout |
| 14:43 | Crear | Camel Scout |
| 14:59 | Crear | Villager (Male) |
| 15:01 | Crear | Camel Scout |
| 15:01 | Crear | Camel Scout |
| 15:05 | Crear | Villager (Male) |
| 15:43 | Crear | Villager (Male) |
| 15:43 | Crear | Villager (Male) |
| 15:46 | Crear | Villager (Male) |
| 15:48 | Construir | Farm |
| 15:56 | Construir | Archery Range |
| 15:57 | Construir | Archery Range |
| 16:04 | Crear | Camel Scout |
| 16:04 | Crear | Camel Scout |
| 16:23 | Construir | Siege Workshop |
| 16:26 | Crear | Camel Scout |
| 16:27 | Crear | Camel Scout |
| 16:41 | Investigar | Elite Skirmisher (upgrade) |
| 16:43 | Crear | Spearman |
| 16:43 | Crear | Spearman |
| 16:45 | Crear | Camel Scout |
| 16:46 | Crear | Camel Scout |
| 16:57 | Crear | Mangonel |
Build order — xlxl
113 acciones detectadas en el replay
| 0:05 | Crear | Villager (Male) |
| 0:10 | Investigar | Man-at-Arms (upgrade) |
| 0:16 | Construir | Barracks |
| 0:30 | Investigar | Scale Mail Armor |
| 0:39 | Construir | House |
| 0:40 | Construir | House |
| 0:58 | Crear | Militia |
| 1:12 | Crear | Militia |
| 1:26 | Crear | Militia |
| 1:32 | Crear | Militia |
| 1:32 | Crear | Militia |
| 1:48 | Construir | House |
| 2:07 | Construir | Siege Workshop |
| 2:11 | Crear | Militia |
| 2:11 | Crear | Militia |
| 2:45 | Investigar | Forging |
| 2:53 | Crear | Militia |
| 2:53 | Crear | Militia |
| 3:00 | Crear | Battering Ram |
| 3:00 | Crear | Battering Ram |
| 3:29 | Construir | Watch Tower |
| 3:36 | Crear | Militia |
| 3:36 | Crear | Militia |
| 3:37 | Crear | Militia |
| 4:36 | Crear | Militia |
| 4:36 | Crear | Militia |
| 4:36 | Crear | Militia |
| 4:42 | Crear | Militia |
| 4:43 | Crear | Militia |
| 4:48 | Crear | Battering Ram |
| 4:53 | Crear | Militia |
| 4:53 | Crear | Militia |
| 5:24 | Crear | Militia |
| 5:25 | Crear | Militia |
| 5:25 | Crear | Militia |
| 5:25 | Crear | Militia |
| 5:41 | Crear | Militia |
| 5:42 | Crear | Militia |
| 6:19 | Crear | Militia |
| 6:19 | Crear | Militia |
| 6:38 | Crear | Battering Ram |
| 6:38 | Crear | Battering Ram |
| 6:43 | Crear | Militia |
| 6:43 | Crear | Militia |
| 6:55 | Crear | Militia |
| 6:55 | Crear | Militia |
| 7:07 | Crear | Militia |
| 7:23 | Construir | Farm |
| 7:25 | Construir | Farm |
| 7:25 | Construir | Farm |
| 7:29 | Construir | Farm |
| 7:31 | Construir | Farm |
| 7:36 | Construir | Farm |
| 7:39 | Crear | Battering Ram |
| 8:28 | Crear | Battering Ram |
| 9:13 | Crear | Militia |
| 9:14 | Crear | Militia |
| 9:14 | Crear | Militia |
| 9:14 | Crear | Militia |
| 9:22 | Crear | Battering Ram |
| 9:49 | Crear | Militia |
| 9:50 | Crear | Militia |
| 10:46 | Crear | Militia |
| 10:46 | Crear | Militia |
| 10:49 | Crear | Battering Ram |
| 10:49 | Crear | Battering Ram |
| 11:49 | Crear | Militia |
| 11:50 | Crear | Militia |
| 11:52 | Crear | Battering Ram |
| 11:53 | Crear | Battering Ram |
| 13:42 | Construir | Market |
| 15:58 | Crear | Villager (Male) |
| 15:58 | Crear | Villager (Male) |
| 16:58 | Crear | Villager (Male) |
| 16:58 | Crear | Villager (Male) |
| 18:46 | Construir | Lumber Camp |
| 20:06 | Crear | Villager (Male) |
| 20:52 | Crear | Battering Ram |
| 20:52 | Crear | Battering Ram |
| 21:37 | Investigar | Double-Bit Axe |
| 21:46 | Crear | Battering Ram |
| 23:43 | Crear | Battering Ram |
| 23:43 | Crear | Battering Ram |
| 25:14 | Crear | Battering Ram |
| 26:26 | Crear | Battering Ram |
| 27:38 | Crear | Battering Ram |
| 29:22 | Construir | Farm |
| 29:28 | Construir | Farm |
| 32:27 | Investigar | Castle Age |
| 35:07 | Edad | Edad de los Castillos |
| 35:26 | Investigar | Capped Ram (upgrade) |
| 36:42 | Crear | Villager (Male) |
| 36:42 | Crear | Villager (Male) |
| 37:15 | Crear | Villager (Male) |
| 38:10 | Crear | Battering Ram |
| 38:10 | Crear | Battering Ram |
| 38:22 | Investigar | Gold Mining |
| 38:26 | Crear | Villager (Male) |
| 39:38 | Crear | Battering Ram |
| 41:19 | Crear | Battering Ram |
| 41:20 | Crear | Battering Ram |
| 41:31 | Crear | Villager (Male) |
| 41:31 | Crear | Villager (Male) |
| 41:32 | Crear | Villager (Male) |
| 42:16 | Crear | Villager (Male) |
| 42:17 | Crear | Villager (Male) |
| 42:22 | Investigar | Bow Saw |
| 43:29 | Crear | Battering Ram |
| 43:29 | Crear | Battering Ram |
| 44:22 | Crear | Battering Ram |
| 45:00 | Investigar | Gold Shaft Mining |
| 45:03 | Crear | Villager (Male) |
| 45:03 | Crear | Villager (Male) |
Cronología de la partida
| 0:05 | JDIV · first_building Stable |
| 0:07 | Toco · first_building Archery Range |
| 0:08 | PaladinDelPedal · first_building Stable |
| 0:16 | xlxl · first_building Barracks |
| 1:16 | JDIV · wall_segment Palisade Wall x12 |
| 1:54 | PaladinDelPedal · wall_segment Palisade Wall x19 |
| 2:06 | JDIV · wall_segment Palisade Wall x5 |
| 2:07 | xlxl · first_building Siege Workshop |
| 2:14 | JDIV · wall_segment Palisade Wall x11 |
| 2:59 | JDIV · wall_segment Palisade Wall x11 |
| 4:23 | PaladinDelPedal · wall_segment Palisade Wall x7 |
| 6:28 | PaladinDelPedal · wall_segment Palisade Wall x1 |
| 6:46 | PaladinDelPedal · wall_segment Palisade Wall x1 |
| 7:49 | JDIV · first_market_buy 100 food |
| 8:14 | PaladinDelPedal · first_building Archery Range |
| 8:39 | PaladinDelPedal · wall_segment Palisade Wall x1 |
| 10:53 | JDIV · age_up castle |
| 11:15 | PaladinDelPedal · age_up castle |
| 13:59 | JDIV · first_market_sell 100 food |
| 14:26 | xlxl · first_market_buy 100 wood |
| 15:56 | JDIV · first_building Archery Range |
| 16:23 | JDIV · first_building Siege Workshop |
| 18:18 | PaladinDelPedal · first_building Siege Workshop |
| 23:04 | JDIV · first_building Castle |
| 24:41 | PaladinDelPedal · wall_segment Stone Wall x1 |
| 24:42 | PaladinDelPedal · wall_segment Stone Wall x1 |
| 24:43 | PaladinDelPedal · wall_segment Stone Wall x1 |
| 27:45 | PaladinDelPedal · first_building Castle |
| 35:07 | xlxl · age_up castle |
| 38:58 | PaladinDelPedal · first_market_sell 100 wood |
| 42:20 | PaladinDelPedal · age_up imperial |
| 46:28 | JDIV · age_up imperial |
| 47:48 | JDIV · resign |
[ ANÁLISIS IA · 1 CRÉDITO ]
¿Qué pasó realmente en esta partida?
Wolo.gg analiza cada decisión: build order, eco, micro, errores típicos por bracket. Análisis personalizado por WhatsApp o Discord en 30 segundos.
Guía civ
Maya
Guía mapa
Arabia
Perfil
Toco